 Dungeon Sprint DCSS version 0.28-a0-932-g843f935a50 (webtiles) character file.

Game seed: 18288071921095599935

2751 emperorscorpion the Fighter (level 10, 0/82 HPs)
             Began as a Djinni Air Elementalist on Nov 27, 2021.
             Was a Priest of Makhleb.
             Slain by a boulder beetle (14 damage)
             ... in the Dungeon (Sprint IX: "|||||||||||||||||||||||||||||").
             The game lasted 00:07:59 (941 turns).

emperorscorpion the Fighter (DjAE)                   Turns: 941, Time: 00:08:00

Health: 0/82       AC: 10    Str: 11    XL:     10   Next: 0%
Gold:   0          EV: 14    Int: 21    God:    Makhleb [***...] SH:  0 Dex: 16

rFire   + + .      SeeInvis .   h - +1 broad axe of the Devouring Eel {drain, Int+4}
rCold   x . .      Faith    .   (no shield)
rNeg    . . .      Spirit   .   j - +1 scale mail
rPois   ∞          Reflect  .   (no helmet)
rElec   .          Harm     .   (no cloak)
rCorr   .          Rampage  .   i - +0 pair of gloves
Will    +....      NoTele   +   (boots unavailable)
Stlth   +.........              (no amulet)
HPRegen 0.23/turn               k - +2 ring of evasion
MPRegen 0.00/turn               l - +3 ring of strength

@: on blink cooldown, flying, invisible
A: sickness immunity, fire resistance 2, cold vulnerability 1, float, innate
caster, hp casting, extra vitality 1
a: Renounce Religion, Minor Destruction, Lesser Servant of Makhleb


You were in the Dungeon.
You worshipped Makhleb.
Makhleb was most pleased with you.
You visited 1 branch

Inventory:

Hand Weapons
 g - a +0 dagger
 h - the +1 broad axe of the Devouring Eel (weapon) {drain, Int+4}
   (You found it in the Dungeon)

   A truly terrible weapon, it drains the life of any living foe it strikes.
   Int:       It affects your intelligence (+4).
Armour
 a - a +0 robe
 i - a +0 pair of gloves (worn)
 j - a +1 scale mail (worn)
Jewellery
 k - a +2 ring of evasion (left hand)
 l - a +3 ring of strength (right hand)
Scrolls
 e - a scroll of blinking
Potions
 d - 4 potions of curing


   Skills:
 * Level 11.0 Fighting
 + Level 3.6 Axes
 + Level 9.1 Armour
 + Level 8.4 Dodging
 - Level 1.5 Stealth
 - Level 7.3 Spellcasting
 * Level 10.2 Invocations
 + Level 4.7 Evocations


You had 5 spell levels left.
You knew the following spells:

 Your Spells              Type           Power      Damage    Failure   Level
a - Shock                 Conj/Air       100%       1d9       1%          1
b - Static Discharge      Conj/Air       38%        N/A       2%          2
c - Swiftness             Air            38%        N/A       5%          3
d - Airstrike             Air            19%        N/A       19%         4
e - Sting                 Tmut/Pois      100%       1d8       1%          1
f - Blink                 Tloc           76%        N/A       2%          2
g - Wereblood             Tmut           38%        N/A       2%          2
h - Lesser Beckoning      Tloc           38%        N/A       5%          3
Your spell library was empty.

Dungeon Overview and Level Annotations

Branches:
Dungeon (1/1)

Altars:
Cheibriados
Dithmenos
Elyvilon
Fedhas
Gozag
Hepliaklqana
Kikubaaqudgha
Makhleb
Nemelex Xobeh
Okawaru
Qazlal
Ru
Sif Muna
Trog
Uskayaw
Vehumet
Wu Jian
Xom
Yredelemnul
Zin
The Shining One
Beogh
Jiyva
Lugonu


Innate Abilities, Weirdness & Mutations

You are immune to sickness and miasma.
You are immune to poison.
Your flesh is very heat resistant. (rF++)
You are vulnerable to cold. (rC-)
You float through the air rather than walking.
You learn spells naturally, not from books.
Your magical power is your life essence.
You have superior vitality. (+4 HP)


Message History

The centaur warrior closely misses you. x2
The centaur warrior kicks you but does no damage.
Unknown command.
Press < or > to pray at altars.
Casting: Static Discharge (safe; 2% risk of failure)
Confirm with . or Enter, or press ? or * to list all spells.
The centaur warrior is struck by an arc of lightning!
You kill the centaur warrior!
Makhleb accepts your kill.
You feel better.
The boulder beetle is struck by an arc of lightning.
The boulder beetle is moderately wounded.
* * * LOW HITPOINT WARNING * * *
Your Fighting skill increases to level 11!
Your Armour skill increases to level 9!
Your Invocations skill increases to level 10!
You have reached level 10!
Casting: Static Discharge (safe; 2% risk of failure)
Confirm with . or Enter, or press ? or * to list all spells.
Aiming: Sting (safe; 1% risk of failure)
Press: ? - help, Shift-Dir - straight line, f - boulder beetle
Aim: a boulder beetle (moderately wounded, 100% to hit)
The sting hits the boulder beetle but does no damage.
The boulder beetle is poisoned.
The boulder beetle is moderately wounded.
* * * LOW HITPOINT WARNING * * *
Casting: Sting (safe; 1% risk of failure)
Confirm with . or Enter, or press ? or * to list all spells.
Aiming: Sting (safe; 1% risk of failure)
Press: ? - help, Shift-Dir - straight line, f/p - boulder beetle
Aim: a boulder beetle (moderately wounded, poisoned, 100% to hit)
The sting hits the boulder beetle!
The boulder beetle looks even sicker.
The boulder beetle is heavily wounded.
* * * LOW HITPOINT WARNING * * *
Casting: Sting (safe; 1% risk of failure)
Confirm with . or Enter, or press ? or * to list all spells.
You blink.
* * * LOW HITPOINT WARNING * * *
The boulder beetle bites you!
You die...

▓_▓
▓_▓
▓_▓
▓_▓
▓_▓
▓_▓
▓§▓
▓B▓
▓@▓
▓!▓
▓?▓
▓)▓
▓(▓
▓.▓
▓[▓
▓.▓
▓.▓


You could see a boulder beetle (very poisoned).

Vanquished Creatures
  A hydra (D)
  2 centaur warriors (D)
  A gargoyle (D)
  A spriggan (shapeshifter) (D)
  A yak (D)
  2 sky beasts (D)
  A centaur (D)
  A kobold brigand (D)
  A scorpion (D)
  A hound (D)
  An adder zombie (D)
  A goblin (D)
  A kobold (D)
  A ball python skeleton (D)
  A ball python zombie (D)
  2 bats (D)
  A frilled lizard (D)
20 creatures vanquished.

Vanquished Creatures (others)
  An unseen horror (D)
1 creature vanquished.

Grand Total: 21 creatures vanquished

Notes
Turn   | Place    | Note
-------+----------+-------------------------------------------
     0 | D        | emperorscorpion the Djinni Air Elementalist began the quest
                  | for the Orb.
     0 | D        | Reached XP level 1. HP: 15/15 MP: 0/0
     5 | D        | Reached skill level 1 in Fighting
     5 | D        | Reached skill level 1 in Armour
    23 | D        | Noticed a sky beast
    23 | D        | Noticed a sky beast
    23 | D        | Noticed a hound
    23 | D        | Noticed a scorpion
    30 | D        | Killed a sky beast
    31 | D        | Reached skill level 3 in Fighting
    31 | D        | Reached skill level 5 in Spellcasting
    31 | D        | Reached XP level 2. HP: 9/25 MP: 0/0
    31 | D        | Reached XP level 3. HP: 11/30 MP: 0/0
    31 | D        | Learned a level 1 spell: Sting
    31 | D        | Reached XP level 4. HP: 14/36 MP: 0/0
    31 | D        | Reached XP level 5. HP: 15/40 MP: 0/0
    31 | D        | Learned a level 2 spell: Blink
    37 | D        | Found a snail-covered altar of Cheibriados.
    37 | D        | Found a shadowy altar of Dithmenos.
    37 | D        | Found a white marble altar of Elyvilon.
    37 | D        | Found a blossoming altar of Fedhas.
    37 | D        | Found an opulent altar of Gozag.
    38 | D        | Found a hazy altar of Hepliaklqana.
    39 | D        | Found a viscous altar of Jiyva.
    41 | D        | Found a corrupted altar of Lugonu.
    43 | D        | Found a burning altar of Makhleb.
    44 | D        | Found a sparkling altar of Nemelex Xobeh.
    45 | D        | Found an iron altar of Okawaru.
    46 | D        | Found a stormy altar of Qazlal.
    47 | D        | Found a sacrificial altar of Ru.
    49 | D        | Found a bloodstained altar of Trog.
    50 | D        | Found a hide-covered altar of Uskayaw.
    51 | D        | Became a worshipper of Makhleb the Destroyer
    53 | D        | Found an ornate altar of the Wu Jian Council.
    54 | D        | Found a shimmering altar of Xom.
    55 | D        | Found a basalt altar of Yredelemnul.
    56 | D        | Found a glowing silver altar of Zin.
    57 | D        | Found a glowing golden altar of the Shining One.
    75 | D        | Got the +1 broad axe of the Devouring Eel {drain, Int+4}
   358 | D        | Reached skill level 4 in Fighting
   433 | D        | Reached * piety under Makhleb
   496 | D        | Killed a sky beast
   497 | D        | Reached skill level 5 in Fighting
   497 | D        | Reached XP level 6. HP: 45/49 MP: 0/0
   556 | D        | Noticed a yak
   558 | D        | Reached ** piety under Makhleb
   594 | D        | Killed a yak
   595 | D        | Reached skill level 6 in Fighting
   595 | D        | Reached skill level 5 in Dodging
   595 | D        | Reached skill level 5 in Invocations
   595 | D        | Reached XP level 7. HP: 42/57 MP: 0/0
   595 | D        | Learned a level 2 spell: Wereblood
   599 | D        | Killed an unseen horror
   607 | D        | Reached skill level 7 in Fighting
   894 | D        | Noticed a seven-headed hydra
   894 | D        | Noticed a spriggan
   894 | D        | Noticed a gargoyle
   894 | D        | Noticed a centaur warrior
   894 | D        | Noticed a centaur warrior
   894 | D        | Noticed a boulder beetle
   914 | D        | Killed a seven-headed hydra
   915 | D        | Reached skill level 8 in Fighting
   915 | D        | Reached XP level 8. HP: 35/67 MP: 0/0
   919 | D        | Killed a spriggan
   919 | D        | Reached *** piety under Makhleb
   919 | D        | Killed a gargoyle
   919 | D        | Killed a centaur warrior
   920 | D        | Reached skill level 10 in Fighting
   920 | D        | Reached XP level 9. HP: 48/75 MP: 0/0
   920 | D        | Learned a level 3 spell: Lesser Beckoning
   938 | D        | Killed a centaur warrior
   939 | D        | Reached skill level 11 in Fighting
   939 | D        | Reached skill level 10 in Invocations
   939 | D        | Reached XP level 10. HP: 17/82 MP: 0/0
   941 | D        | Slain by a boulder beetle

Illustrated notes

Levels and vault maps discovered:
D:        linesprint [early_d, line_temple, items_1, d_10, items_2, lair_1,
          lair_end, items_3, orc_1, orc_end, items_4, d_15, swamp_1, shoals_1,
          snake_1, spider_1, d_20, vaults_1, items_5, swamp_end, shoals_end,
          snake_end, spider_end, vaults_end, d_27, items_6, zot_1, zot_end,
          crypt_end, forest_end, elf_end, slime_end, tomb_end, abyss_end,
          pan_hell_end]

Skill      XL: |  1  2  3  4  5  6  7  8  9 |
---------------+----------------------------+-----
Fighting       | 3 5 6 8 10 11 | 11.0
Armour         | 3 4 6 8 9 |  9.1
Spellcasting   | 5 7 |  7.3
Dodging        | 3 4 5 7 8 |  8.4
Invocations    | 3 5 8 9 10 | 10.2
Axes           | 2 3 |  3.6
Evocations     | 2 4 |  4.7
Stealth        | |  1.5

Action                   |  1- 3 |  4- 6 |  7- 9 | 10-12 || total
-------------------------+-------+-------+-------+-------++-------
Melee: Dagger            |     6 |       |       |       ||     6
       Broad axe         |       |     2 |    18 |       ||    20
 Cast: Shock             |     1 |     6 |     1 |       ||     8
       Static Discharge  |       |     4 |     3 |       ||     7
       Sting             |       |     9 |     4 |     2 ||    15
       Blink             |       |     1 |     3 |     1 ||     5
       Swiftness         |       |       |     1 |       ||     1
Invok: Minor Destruction |       |       |     1 |       ||     1
Evoke: Wand              |       |       |    10 |       ||    10
  Use: Potion            |     1 |     3 |     3 |       ||     7
       Scroll            |       |     1 |       |       ||     1
Armor: Scale mail        |       |     4 |    18 |       ||    22
       Robe              |       |     1 |       |       ||     1
Dodge: Dodged            |     2 |    17 |    50 |       ||    69

Table legend: (Time is in decaauts)
 A = Elapsed time spent in this place.
 B = Non-inter-level travel time spent in this place.
 C = Inter-level travel time spent in this place.
 D = Time resting spent in this place.
 E = Time spent auto-exploring this place.
 F = Levels seen in this place.
 G = Mean time per level.
                   A        B        C        D        E       F      G
               +--------+--------+--------+--------+--------+-----+--------+
         Total |    946 |    935 |     11 |    348 |    258 |   1 |  946.0 |
       Dungeon |    946 |    935 |     11 |    348 |    258 |   1 |  946.0 |
               +--------+--------+--------+--------+--------+-----+--------+

Top non-repeatable levels by time:
       D: 946 daAuts
